 Dungeon Crawl Stone Soup version 0.31-a0-263-ge8cad7f256 (webtiles) character file.

Game seed: 15834222505852836399

48545 porpoise the Markstengu (level 14, -22/77 HPs)
             Began as a Tengu Hunter on July 14, 2023.
             Was a High Priest of Hepliaklqana.
             Killed from afar by Azrael (54 damage)
             ... with a fireball
             ... on level 14 of the Dungeon.
             The game lasted 01:15:39 (19397 turns).

porpoise the Markstengu (Tengu Hunter)             Turns: 19397, Time: 01:15:40

Health: -22/77     AC: 18    Str: 18    XL:     14   Next: 46%
Magic:  21/21      EV: 19    Int: 14    God:    Hepliaklqana [*****.]
Gold:   1203       SH:  0    Dex: 22    Spells: 13/13 levels left

rFire   . . .        U - +0 orcbow
rCold   + + .        (shield currently unavailable)
rNeg    . . .        B - +3 ring mail "Wibost" {rC+}
rPois   .            (helmet restricted)
rElec   +            s - +2 cloak
rCorr   .            G - +0 pair of gloves
SInv    .            (boots unavailable)
Will    +++..        x - amulet of the acrobat
Stlth   +++          c - ring of Beatiumiw {rElec rC+ Will++ Str+6 Int+4}
HPRegen 0.32/turn    g - +4 ring of protection
MPRegen 0.17/turn

%: acrobat
@: flying quickly and evasively, quick
A: reduced essence, beak, talons 3, nimble flight
a: Renounce Religion, Recall Ancestor, Ancestor Identity, Transference, Idealise


You were on level 14 of the Dungeon.
You worshipped Hepliaklqana.
Hepliaklqana was extremely pleased with you.
You visited 3 branches of the dungeon, and saw 19 of its levels.
You also visited: Ossuary.

You collected 1203 gold pieces.

Inventory:

Hand Weapons
 a - the +1 shortbow "Waghoz" {drain, rF+ Str+3 Int+5}
   (You acquired it on level 7 of the Dungeon)

   Str:       It affects your strength (+3).
   Int:       It affects your intelligence (+5).
   rF:        It protects you from fire.
 b - the +8 hand axe "Anial" {spect, rN++}
   (You found it on level 4 of the Lair of Beasts)

   rN:        It greatly protects you from negative energy.
 q - a +3 scimitar of flaming
 z - a +2 dagger of holy wrath
 U - a +0 orcbow (weapon)
Missiles
 F - a curare-tipped dart
Armour
 s - a +2 cloak (worn)
 B - the +3 ring mail "Wibost" (worn) {rC+}
   (You found it on level 12 of the Dungeon)

   rC:        It protects you from cold.
 G - a +0 pair of gloves (worn)
Jewellery
 c - the ring of Beatiumiw (left hand) {rElec rC+ Will++ Str+6 Int+4}
   (You found it on level 6 of the Dungeon)

   [ring of strength]

   Str:       It affects your strength (+6).
   Int:       It affects your intelligence (+4).
   rC:        It protects you from cold.
   rElec:     It insulates you from electricity.
   Will:      It greatly increases your willpower.
 g - a +4 ring of protection (right hand)
 x - an amulet of the acrobat (around neck)
 K - a ring of fire
 L - a ring of positive energy
 V - a ring of resist corrosion
Talismans
 t - a serpent talisman
Wands
 i - a wand of roots (6)
 P - a wand of digging (5)
 S - a wand of mindburst (5)
Scrolls
 k - 5 scrolls of teleportation
 m - 7 scrolls of blinking
 n - 3 scrolls of revelation
 o - a scroll of butterflies
 u - 4 scrolls of identify
 w - a scroll of immolation
 y - 3 scrolls of fear
 A - 3 scrolls of fog
 C - 2 scrolls of summoning
 E - 3 scrolls of silence
 M - a scroll of vulnerability
 N - a scroll of poison
Potions
 d - a potion of magic
 e - a potion of invisibility
 f - a potion of attraction
 h - a potion of cancellation
 j - 2 potions of resistance
 l - 5 potions of curing
 p - 4 potions of heal wounds
 r - 3 potions of might
 v - 2 potions of enlightenment
 W - 4 potions of ambrosia
Miscellaneous
 T - a tin of tremorstones (2/2)
 Y - a phial of floods


   Skills:
 - Level 9.0 Fighting
 - Level 10.0 Short Blades
 + Level 17.4 Ranged Weapons
 - Level 7.0 Armour
 - Level 7.0 Dodging
 - Level 7.0 Stealth
 + Level 8.3 Invocations
 - Level 5.0 Evocations


You had 13 spell levels left.
You didn't know any spells.
Your spell library contained the following spells:

 Spells                   Type           Power      Damage    Failure   Level
 Sandblast                Erth           0%         2d4       43%         1
 Cigotuvi's Dreadful Rot  Necr/Pois/Air  0%         N/A       56%         2
 Passwall                 Tmut/Erth      0%         N/A       56%         2
 Ignite Poison            Fire/Tmut/Pois 0%         N/A       80%         3
 Stone Arrow              Conj/Erth      0%         3d7       80%         3
 Anguish                  Hex/Necr       0%         N/A       99%         4
 Cause Fear               Hex            0%         N/A       99%         4
 Freezing Cloud           Conj/Ice/Air   0%         6-21      100%        5
 Enfeeble                 Hex            0%         N/A       100%        7


Dungeon Overview and Level Annotations

Branches:
Dungeon (14/15)            Temple (1/1) D:5            Lair (4/5) D:9
  Swamp (0/4) Lair:2        Snake (0/4) Lair:2        Slime (0/5) Lair:4
    Orc (0/2) D:10         Vaults (0/5) D:14        Ossuary (visited)

Altars:
Ashenzari
Cheibriados
Dithmenos
Elyvilon
Fedhas
Gozag
Hepliaklqana
Kikubaaqudgha
Makhleb
Nemelex Xobeh
Okawaru
Qazlal
Ru
Sif Muna
Trog
Uskayaw
Vehumet
Wu Jian
Xom
Yredelemnul
Zin
The Shining One
Jiyva

Shops:
D:13 (

Portals:
Trove: D:13 (give +3 ice dragon scales)

Annotations:
D:3 3 runed translucent doors, HallandMoats's ghost, weakling DsFi
D:13 3 runed translucent doors
D:14 Azrael; Kirke


Innate Abilities, Weirdness & Mutations

Your life essence is reduced to manifest your ancestor. (-10% HP)
You have a beak for a mouth.
You have claws for feet.
Your magical nature lets you fly swiftly and evasively.


Message History

The basilisk hisses angrily.
You hear a shout! x3
You shoot an arrow.
The arrow hits Azrael but does no damage.
Azrael is almost dead.
Azrael gestures at you.
The fireball explodes!
The fireball engulfs you!!
* * * LOW HITPOINT WARNING * * *
The fireball engulfs Azrael.
Azrael completely resists.
You are too injured to fight recklessly!
You shoot an arrow.
The arrow hits Azrael but does no damage.
Azrael is almost dead.
Azrael barely misses you.
You shoot an arrow.
The arrow hits Azrael but does no damage.
Azrael is almost dead.
You shoot an arrow. The arrow barely misses Azrael.
Azrael hits you but does no damage.
You shoot an arrow. The arrow hits Azrael.
Azrael is almost dead.
Azrael misses you.
You shoot an arrow.
The arrow hits Azrael but does no damage.
Azrael is almost dead.
A centaur comes into view.
Azrael hits you with a +3 scimitar of flaming!
* * * LOW HITPOINT WARNING * * *
Azrael burns you.
* * * LOW HITPOINT WARNING * * *
You shoot an arrow.
The arrow hits Azrael but does no damage.
Azrael is almost dead.
You feel much better.
A centaur comes into view.
The centaur wields a +0 orcbow.
The centaur shoots an arrow.
The arrow completely misses you. Azrael gestures at you.
The fireball explodes!
The fireball engulfs you!!!
Ouch! That really hurt!
You die...

##.....#............
#......#...........#
#......#...........#
#......#........(..#
..... #..#######..# # ...
#..#.....#...
####.###'####..#.....#..#
...............(.....#..#
........@....c.#.....#..#
......lR######c#.....#..#
##......# #.#.....#..#
#......# #.#.....#.##
#...[..# #.#.....#.#.
##.....# #.#.....#.'.
#.....# #.#######.'.
###.....# #.........#.
#...○☼..# #....>....#.


You could see Azrael, a basilisk and 2 centaurs.

Vanquished Creatures
  A hydra (Lair:2)
  A vault guard (D:14)
  4 centaur warriors
  A two-headed ogre (D:12)
  4 death yaks
  2 boulder beetles
  4 skeletal warriors (D:12)
  2 lindwurms (Lair:4)
  2 bog bodies (Lair:2)
  An oklob plant (Lair:4)
  A cyclops (D:14)
  3 ugly things
  A black mamba (Lair:3)
  8 cane toads
  An unseen horror (D:13)
  Maggie (D:7)
  2 komodo dragons
  3 rime drakes
  An efreet (D:13)
  A queen bee (Lair:4)
  3 polar bears
  2 meliai (Lair:4)
  3 trolls
  Grinder (D:4)
  10 blink frogs
  4 slime creatures
  A vampire (D:13)
  2 spriggans
  A wraith (D:11)
  3 wyverns
  16 yaks
  2 basilisks (Lair:4)
  3 vampire mosquitoes (D:11)
  Menkaure (D:7)
  2 nagas (Lair:2)
  A hell hound (D:14)
  13 water moccasins
  Duvessa (D:7)
  3 black bears
  3 orc warriors
  A sky beast (D:8)
  2 wolves (Lair:4)
  3 centaurs
  A phantom (D:4)
  5 kobold brigands
  12 bullfrogs
  A gnoll sergeant (D:7)
  2 scorpions
  A water moccasin zombie (D:3)
  8 wights (D:8)
  Dowan (D:7)
  26 killer bees
  A howler monkey (D:12)
  An electric eel (D:9)
  A crimson imp (D:6)
  3 jellies
  A hound (D:7)
  7 orc priests
  A gnoll bouda (D:9)
  An iguana (D:7)
  5 orc wizards
  A sleepcap (D:5)
  Natasha (twice) (D:3)
  7 hell rats
  A hound zombie (D:3)
  3 mummies (Ossuary)
  3 gnolls
  5 adders
  2 shadow imps (D:7)
  4 ufetubi
  6 adder zombies (Ossuary)
  A worm (D:2)
  42 orcs
  17 endoplasms
  A giant cockroach (D:2)
  A gnoll zombie (Ossuary)
  3 goblins
  4 hobgoblins
  8 jackals
  20 kobolds
  2 quokkas
  A ball python (D:4)
  6 bats
  2 frilled lizards (D:1)
  4 goblin zombies (Ossuary)
  A hobgoblin zombie (Ossuary)
  A kobold zombie (Ossuary)
  An orc zombie (Ossuary)
  2 quokka zombies (Ossuary)
  5 rats
  A rat zombie (Ossuary)
360 creatures vanquished.

Vanquished Creatures (collateral kills)
  A hydra (Lair:4)
  A catoblepas (D:13)
  2 death yaks (Lair:2)
  2 centaur warriors
  2 vault guards (D:14)
  A boulder beetle (D:12)
  A two-headed ogre (D:10)
  A skyshark (Lair:3)
  A cyclops (D:14)
  An ugly thing (D:13)
  A manticore (D:11)
  A black mamba (Lair:1)
  3 cane toads
  A kobold demonologist (D:12)
  A rime drake (Lair:3)
  3 komodo dragons
  A meliai (Lair:4)
  2 trolls
  A hornet (Lair:3)
  2 slime creatures (D:14)
  4 spriggans (Lair:1)
  A wraith (D:12)
  6 yaks
  2 fire elementals (D:14)
  A basilisk (Lair:2)
  A naga (shapeshifter) (D:13)
  A hell hound (D:14)
  2 nagas (Lair:2)
  3 water moccasins
  An orc warrior (D:10)
  An ice beast (D:7)
  A wolf (Lair:4)
  A bullfrog (Lair:2)
  A scorpion (D:9)
  A wight (D:8)
  11 killer bees
  A howler monkey (D:12)
  An orc priest (D:7)
  5 orc wizards
  5 gnolls
  5 orcs
  2 kobolds
  A hobgoblin zombie (Ossuary)
87 creatures vanquished.

Vanquished Creatures (others)
  A hell hound (D:14)
  9 knights
  2 ancestors
12 creatures vanquished.

Grand Total: 459 creatures vanquished

Notes
Turn   | Place    | Note
-------+----------+-------------------------------------------
     0 | D:1      | porpoise the Tengu Hunter began the quest for the Orb.
     0 | D:1      | Reached XP level 1. HP: 12/12 MP: 2/2
   209 | D:1      | Reached XP level 2. HP: 17/17 MP: 3/3
   732 | D:2      | Reached skill level 5 in Ranged Weapons
   769 | D:2      | Reached XP level 3. HP: 22/22 MP: 4/4
  1053 | D:2      | Found a faded altar of an unknown god.
  1375 | D:2      | Reached XP level 4. HP: 16/28 MP: 5/5
  1379 | D:2      | Reached skill level 6 in Ranged Weapons
  1612 | D:3      | Noticed Natasha
  1622 | D:3      | Gained mutation: Your magical nature lets you fly swiftly
                  | and evasively. [Tengu growth]
  1622 | D:3      | Reached XP level 5. HP: 26/32 MP: 6/6
  1627 | D:3      | Killed Natasha
  1870 | D:3      | Noticed Natasha
  1881 | D:3      | Killed Natasha
  2349 | D:3      | Found a runed translucent gate.
  2349 | D:3      | Found a runed translucent gate.
  2349 | D:3      | Found a runed translucent gate.
  2349 | D:3      | Noticed HallandMoats's ghost (weakling DsFi)
  2352 | D:3      | Found a basalt altar of Yredelemnul.
  2363 | D:3      | Reached skill level 7 in Ranged Weapons
  2363 | D:3      | Reached XP level 6. HP: 29/38 MP: 7/7
  2573 | D:4      | Noticed Grinder
  2598 | D:4      | Killed Grinder
  2599 | D:4      | Reached XP level 7. HP: 13/44 MP: 8/8
  2734 | D:4      | Found an ornate altar of the Wu Jian Council.
  2875 | D:4      | Reached skill level 8 in Ranged Weapons
  3024 | D:4      | Identified the +10 whip of Duotemuvou {spect, Str+2}
  3154 | D:4      | Reached skill level 5 in Fighting
  3227 | D:4      | Found a hide-covered altar of Uskayaw.
  3228 | D:4      | Found a sacrificial altar of Ru.
  3229 | D:4      | Found a radiant altar of Vehumet.
  3230 | D:4      | Found a glowing golden altar of the Shining One.
  3319 | D:5      | Entered Level 5 of the Dungeon
  3366 | D:5      | Identified the +5 trident of Urgency {flame, rCorr}
  3617 | D:5      | Reached skill level 9 in Ranged Weapons
  3617 | D:5      | Reached XP level 8. HP: 19/49 MP: 9/9
  3901 | D:5      | Found a staircase to the Ecumenical Temple.
  3911 | Temple   | Entered the Ecumenical Temple
  3981 | Temple   | Became a worshipper of Hepliaklqana the Forgotten
  5097 | D:6      | Identified the ring of Beatiumiw {rElec rC+ Will++ Str+6
                  | Int+4}
  5103 | D:6      | Reached * piety under Hepliaklqana
  5309 | D:6      | Found a burning altar of Makhleb.
  5598 | D:7      | Identified a scroll of acquirement
  5598 | D:7      | Acquired the +1 shortbow "Waghoz" {drain, rF+ Str+3 Int+5}
  5685 | D:7      | Found a sand-covered staircase.
  5692 | Ossuary  | Entered an ossuary
  6045 | D:7      | Noticed Menkaure
  6045 | D:7      | Noticed Maggie
  6057 | D:7      | Killed Maggie
  6058 | D:7      | Reached skill level 10 in Ranged Weapons
  6063 | D:7      | Killed Menkaure
  6069 | D:7      | Reached XP level 9. HP: 22/48 MP: 10/10
  6259 | D:7      | Reached skill level 5 in Dodging
  6514 | D:7      | Found a blossoming altar of Fedhas.
  6519 | D:7      | Noticed Duvessa
  6519 | D:7      | Noticed Dowan
  6524 | D:7      | Killed Duvessa
  6530 | D:7      | Killed Dowan
  6583 | D:8      | Reached skill level 11 in Ranged Weapons
  6583 | D:8      | Reached skill level 5 in Stealth
  6777 | D:8      | Reached ** piety under Hepliaklqana
  6778 | D:8      | Remembered your ancestor Nikki as a knight
  7205 | D:9      | Found a stormy altar of Qazlal.
  7213 | D:9      | Found an iron altar of Okawaru.
  7232 | D:9      | Noticed a troll
  7241 | D:9      | Killed a troll
  7297 | D:9      | Reached skill level 12 in Ranged Weapons
  7297 | D:9      | Reached XP level 10. HP: 53/53 MP: 11/11
  7550 | D:9      | Reached skill level 1 in Invocations
  7748 | D:9      | Reached skill level 13 in Ranged Weapons
  7968 | D:9      | Found a staircase to the Lair.
  8013 | Lair:1   | Entered Level 1 of the Lair of Beasts
  8340 | Lair:1   | Reached XP level 11. HP: 33/57 MP: 14/14
  8540 | Lair:1   | Reached skill level 14 in Ranged Weapons
  8586 | Lair:1   | Reached skill level 1 in Armour
  8870 | Lair:1   | Reached *** piety under Hepliaklqana
  9063 | Lair:1   | Reached skill level 5 in Invocations
  9622 | D:10     | Entered Level 10 of the Dungeon
  9794 | D:10     | Noticed a two-headed ogre
  9800 | D:10     | Killed a two-headed ogre
  9801 | D:10     | Reached skill level 1 in Evocations
 10050 | D:10     | Found a staircase to the Orcish Mines.
 10504 | D:11     | Noticed a manticore
 10513 | D:11     | Killed a manticore
 10551 | D:11     | Reached skill level 5 in Armour
 10601 | D:11     | Reached XP level 12. HP: 66/66 MP: 16/16
 10732 | D:11     | Reached **** piety under Hepliaklqana
 11316 | D:11     | Noticed a boulder beetle
 11332 | D:11     | Killed a boulder beetle
 11509 | D:12     | Noticed a boulder beetle
 11528 | D:12     | Killed a boulder beetle
 11719 | D:12     | Identified the +3 ring mail "Wibost" {rC+}
 11777 | D:12     | Noticed a two-headed ogre
 11783 | D:12     | Killed a two-headed ogre
 12091 | D:12     | Noticed a boulder beetle
 12129 | D:12     | Killed a boulder beetle
 12176 | D:12     | Reached skill level 5 in Evocations
 12263 | D:12     | Reached skill level 1 in Short Blades
 13297 | Lair:2   | Found a staircase to the Swamp.
 13312 | Lair:2   | Reached skill level 5 in Short Blades
 13452 | Lair:2   | Found a staircase to the Snake Pit.
 13454 | Lair:2   | Identified the +5 dagger of Aqolaf {heavy, rPois rC- rCorr}
 13518 | Lair:2   | Noticed a four-headed hydra
 13526 | Lair:2   | Killed a four-headed hydra
 13527 | Lair:2   | Reached skill level 15 in Ranged Weapons
 13559 | Lair:2   | Noticed a death yak
 13559 | Lair:2   | Noticed a death yak
 13563 | Lair:2   | Reached XP level 13. HP: 72/72 MP: 17/17
 14746 | Lair:3   | Reached ***** piety under Hepliaklqana
 15028 | Lair:3   | Reached skill level 16 in Ranged Weapons
 15838 | Lair:4   | Found a viscous altar of Jiyva.
 15884 | Lair:4   | Found a staircase to the Slime Pits.
 16552 | Lair:4   | Identified the +8 hand axe "Anial" {spect, rN++}
 16741 | Lair:4   | Identified the ring "Eceu" {Ice Slay+3}
 16981 | Lair:4   | Reached XP level 14. HP: 77/77 MP: 20/20
 17951 | D:13     | Found Qeucwiri's Weapon Emporium.
 18036 | D:13     | Reached skill level 10 in Short Blades
 18184 | D:13     | Reached skill level 17 in Ranged Weapons
 18430 | D:13     | Found a portal to a secret trove of treasure.
 18437 | D:13     | Found a runed translucent gate.
 18437 | D:13     | Found a runed translucent gate.
 18437 | D:13     | Found a runed translucent gate.
 18696 | D:14     | Found a gate to the Vaults.
 18703 | D:14     | Noticed Kirke
 19082 | D:14     | Noticed Azrael
 19087 | D:14     | HP: 3/77 [Azrael/damnation (28)]
 19397 | D:14     | Killed from afar by Azrael

Illustrated notes

Levels and vault maps discovered:
D:1:      matt_arrival_spirals, layout_loops_ring
D:2:      cheibrodos_fertilizer, layout_loops_ring,
          shapermc_ecumenical_altar_totnotflames
D:3:      layout_rooms, nicolae_yredelemnul_ghost_church, kennysheep_boxes,
          uniq_natasha
D:4:      layout_rooms, mainiacjoe_overflow_alcove_3, kennysheep_little_box,
          uniq_grinder
D:5:      layout_basic, minmay_temple_entry_large_hall, serial_bayou,
          serial_bayou_shore_a, serial_bayou_lagoon_a, serial_bayou_pond_e,
          serial_bayou_ford_a, serial_bayou_lake_a
D:6:      layout_basic, makhleb_grotto_becter, kennysheep_generic_room_9
D:7:      layout_gridville, kennysheep_mini_moat,
          nicolae_ossuary_entry_false_entrances, uniq_menkaure, uniq_duvessa,
          uniq_maggie
D:8:      layout_rooms
D:9:      layout_roguey, chequers_temple_overflow_statue_of_worship,
          grunt_lair_entry_orc_guard_hut, minmay_misc_feat_x,
          minmay_misc_feat_diagonals, water_maze_lemuel
D:10:     layout_irregular_city, hiddenorc1_lemuel, minmay_hedge_maze
D:11:     layout_basic
D:12:     layout_cave_pods, minmay_tree_intersection
D:13:     layout_cave_pools, serial_shops, nicolae_shop_bloodbath_and_beyond,
          ploomutoo_gammafunk_ghost_potion_laboratory, enter_trove_2,
          serial_glass, glass_columns_a, glass_columns_a, st_stairs_3,
          minivault_23
D:14:     layout_irregular_city, erik_vaults_2, hangedman_decor_growths,
          minmay_rotating_lava, uniq_azrael, uniq_kirke
Temple:   nicolae_temple_bog_church
Lair:1:   layout_hall_layers, wad_woods_01
Lair:2:   layout_regular_city, skrybe_swamp_entry_bodies,
          minmay_snake_entry_guardpost_small, minmay_stone_trees_small,
          lemuel_fruit_tree
Lair:3:   layout_cave_pods
Lair:4:   regret_index_bee_streams, layout_loops_ring,
          nicolae_slime_entry_slimehenge

Skill      XL: |  1  2  3  4  5  6  7  8  9 10 11 12 13 14 |
---------------+-------------------------------------------+-----
Ranged Weapons | 5 6 7 9 10 12 13 14 15 16 17 | 17.4
Fighting       | 3 4 5 8 9 |  9.0
Dodging        | 3 4 6 7 |  7.0
Stealth        | 2 4 6 7 |  7.0
Invocations    | 3 5 6 8 |  8.3
Armour         | 5 7 |  7.0
Evocations     | 3 5 |  5.0
Short Blades   | 5 9 10 | 10.0

Action                     |  1- 3 |  4- 6 |  7- 9 | 10-12 | 13-15 || total
---------------------------+-------+-------+-------+-------+-------++-------
  Melee: Spear             |       |       |     4 |       |       ||     4
         Kick              |       |       |     2 |       |     5 ||     7
         Peck              |       |       |     1 |       |     4 ||     5
         Hand axe          |       |       |       |       |    16 ||    16
   Fire: Shortbow          |   106 |   103 |   381 |   594 |   718 ||  1902
         Orcbow            |       |       |       |   182 |    54 ||   236
 Invoke: Recall Ancestor   |       |       |     4 |     6 |     5 ||    15
         Ancestor Identity |       |       |     1 |       |       ||     1
         Ancestor Life: Kn |       |       |     1 |       |       ||     1
  Evoke: Tin of tremorston |       |       |       |     1 |       ||     1
         Wand              |       |       |       |       |     2 ||     2
    Use: Scroll            |       |     6 |    14 |     7 |     6 ||    33
         Potion            |       |       |       |     1 |     4 ||     5
 Armour: Leather armour    |    10 |    10 |    18 |       |       ||    38
         Ring mail         |       |       |    12 |    65 |    75 ||   152
  Dodge: Dodged            |    27 |    28 |    97 |   224 |   281 ||   657

Table legend: (Time is in decaauts)
 A = Elapsed time spent in this place.
 B = Non-inter-level travel time spent in this place.
 C = Inter-level travel time spent in this place.
 D = Time resting spent in this place.
 E = Time spent auto-exploring this place.
 F = Levels seen in this place.
 G = Mean time per level.
                   A        B        C        D        E       F      G
               +--------+--------+--------+--------+--------+-----+--------+
         Total |  18053 |  17226 |    827 |   4023 |   9746 |  20 |  902.7 |
       Dungeon |  12565 |  12025 |    540 |   2860 |   7131 |  14 |  897.5 |
        Temple |     76 |     64 |     12 |      0 |     50 |   1 |   76.0 |
          Lair |   5148 |   4874 |    274 |   1071 |   2564 |   4 | 1287.0 |
       Ossuary |    263 |    263 |      0 |     91 |      0 |   1 |  263.0 |
               +--------+--------+--------+--------+--------+-----+--------+

Top non-repeatable levels by time:
  Lair:4: 1749 daAuts
    D:12: 1551 daAuts
  Lair:1: 1395 daAuts
  Lair:2: 1276 daAuts
     D:5: 1211 daAuts
     D:9: 1074 daAuts
    D:11: 994 daAuts
     D:3: 921 daAuts
     D:2: 885 daAuts
    D:13: 880 daAuts
     D:6: 811 daAuts
    D:10: 807 daAuts
    D:14: 742 daAuts
     D:1: 735 daAuts
  Lair:3: 727 daAuts
